 Dungeon Crawl Stone Soup version 0.18-a0-1685-g4482fe3 (webtiles) character file.

515 namelastname112 the Grasshopper (level 7, 48/61 HPs)
             Began as a Green Draconian Warper on Apr 4, 2016.
             Quit the game on level 4 of the Dungeon.
             The game lasted 00:04:40 (3645 turns).

namelastname112 the Grasshopper (DrWr)              Turns: 3645, Time: 00:04:40

Health: 48/61      AC:  6    Str: 14    XL:     7   Next: 0%
Magic:  10/10      EV: 13    Int: 13    God:
Gold:   103        SH:  0    Dex: 12    Spells: 3 memorised, 3 levels left

rFire  . . .     SeeInvis .     a - +0 short sword
rCold  . . .     Gourm    .     (armour unavailable)
rNeg   . . .     Faith    .     (no shield)
rPois  +         Spirit   .     (helmet restricted)
rElec  .         Dismiss  .     (no cloak)
rCorr  .         Reflect  .     (no gloves)
SustAt .         Harm     .     (no boots)
MR     .....                    (no amulet)
Stlth  +.........               (no ring)
                                (no ring)

@: not resistant to hostile enchantments, very unstealthy
A: breathe noxious fumes, unfitting armour, poison resistance, cold-blooded, AC
+6
a: Breathe Noxious Fumes


You were on level 4 of the Dungeon.
You were hungry.

You visited 1 branch of the dungeon, and saw 4 of its levels.

You collected 103 gold pieces.

Inventory:

Hand Weapons
 a - a +0 short sword (weapon)
Missiles
 d - 5 tomahawks of dispersal (quivered)
 q - 39 arrows
Wands
 c - a wand of confusion (48/48)
Scrolls
 h - a scroll of teleportation {unknown}
 l - a scroll of identify {unknown}
 m - a scroll of immolation
 n - 2 scrolls of enchant armour
 s - a scroll of recharging
 u - a scroll of fear
Potions
 o - a potion of flight
Books
 b - a book of Spatial Translocations

   Spells                             Type                      Level
   a - Apportation                    Translocation                1
   b - Blink                          Translocation                2
   c - Shroud of Golubria             Charms/Translocation         2
   d - Portal Projectile              Translocation                3
   e - Teleport Other                 Translocation                3
   f - Passage of Golubria            Translocation                4
Comestibles
 f - 4 bread rations
 g - a slice of pizza
 j - 3 meat rations
 p - 3 fruits


   Skills:
 + Level 5.0 Fighting
 - Level 2.0 Short Blades
 - Level 0.8 Throwing
 + Level 4.3 Dodging
 - Level 2.0 Spellcasting
 + Level 5.2 Translocations


You had 3 spell levels left.
You knew the following spells:

 Your Spells              Type           Power        Failure   Level  Hunger
a - Apportation           Tloc           ##........   3%          1    ##.....
c - Blink                 Tloc           N/A          6%          2    ###....
x - Passage of Golubria   Tloc           N/A          34%         4    #####..


Dungeon Overview and Level Annotations

Branches:
Dungeon (4/15)
 Temple: D:4-7

Altars:
Okawaru


Innate Abilities, Weirdness & Mutations

You can breathe blasts of noxious fumes.
Your lurid green scales are hard (AC +6).
Your body does not fit into most forms of armour.
Your system is resistant to poisons.
You are cold-blooded and may be slowed by cold attacks.


Message History

The orc hits you but does no damage.
You hit the orc but do no damage.
The orc is almost dead.
The orc hits you but does no damage.
You barely miss the orc.
The orc is almost dead.
The orc closely misses you.
You hit the orc.
You kill the orc!
No target in view!
No target in view!
Found an escape hatch in the floor.
You see here an orc corpse.
You butcher the orc corpse.
i - a chunk of flesh You start resting.
Eating a chunk of flesh.
This raw flesh tastes terrible.
You continue eating. x2
You are feeling hungry.
Found a shiny ring mail.
Are you sure you want to abandon this character and quit the game? (Confirm with "yes".)

# # .# .. ####
#.#..#
.....####......
.[.....@.......
####.##..>....#
#.#####.# #.#
#.##<# #...)#
#.##.# # #..
##>#


There were no monsters in sight!

Vanquished Creatures
  Grinder (D:3)
  An orc wizard (D:3)
  2 orc priests
  Natasha (twice) (D:3 D:2)
  A worker ant (D:3)
  A hound skeleton (D:4)
  6 adders
  A river rat (D:3)
  An ooze (D:2)
  An adder skeleton (D:4)
  A worm (D:3)
  A dart slug (D:2)
  5 orcs
  4 bats
  3 giant cockroaches
  7 goblins
  4 hobgoblins
  5 jackals (D:1)
  9 kobolds
  2 quokkas (D:2)
  3 ball pythons
  3 giant newts
  10 rats
74 creatures vanquished.

Notes
Turn   | Place    | Note
--------------------------------------------------------------
     0 | D:1      | namelastname112 the Draconian Warper began the quest for the Orb.
     0 | D:1      | Reached XP level 1. HP: 17/17 MP: 3/3
   216 | D:1      | Reached XP level 2. HP: 21/25 MP: 5/5
   238 | D:1      | Learned a level 2 spell: Blink
   831 | D:2      | Reached XP level 3. HP: 19/30 MP: 6/6
  1022 | D:2      | Found an iron altar of Okawaru.
  1822 | D:2      | Reached XP level 4. HP: 38/38 MP: 7/7
  1987 | D:3      | Noticed Grinder
  1989 | D:3      | Paralysed by Grinder for 2 turns
  1996 | D:3      | Killed Grinder
  1996 | D:3      | Reached XP level 5. HP: 32/47 MP: 8/8
  1996 | D:3      | Reached XP level 6. HP: 36/53 MP: 9/9
  2055 | D:3      | Found a faded altar to an unknown god.
  2242 | D:3      | Noticed Natasha
  2256 | D:3      | Killed Natasha
  2301 | D:3      | Noticed Natasha
  2316 | D:3      | HP: 2/53 [Natasha (5)]
  2327 | D:3      | HP: 1/53 [Natasha/magic dart (4)]
  2637 | D:2      | Killed Natasha
  3058 | D:3      | Reached skill level 5 in Translocations
  3354 | D:3      | Learned a level 4 spell: Passage of Golubria
  3587 | D:4      | Reached skill level 5 in Fighting
  3587 | D:4      | Your scales start taking on a lurid green colour.
  3587 | D:4      | Reached XP level 7. HP: 45/61 MP: 10/10
  3587 | D:4      | Gained mutation: Your system is resistant to poisons. [Green Draconian growth]
  3645 | D:4      | Quit the game

Vault maps used:
D:1:      lemuel_arrival_lava_pool
D:2:      okawaru_altar_gauntlet_db
D:3:      ecumenical_altar_1, portal_sewer_entry_e, first_bread,
          saegor_snake_ambush, uniq_grinder, uniq_natasha
D:4:      kiku_gazebo_pond_becter

Skill      XL: |  1  2  3  4  5  6 |
---------------+-------------------+-----
Fighting       | 3 4 5 |  5.0
Dodging        | 3 4 |  4.3
Translocations | 4 5 |  5.2
Short Blades   | |  2.0
Throwing       | |  0.8
Spellcasting   | |  2.0

Action                   |  1- 3 |  4- 6 |  7- 9 || total
-------------------------+-------+-------+-------++-------
Melee: Short sword       |   175 |   186 |    11 ||   372
  Use: Potion            |       |     5 |       ||     5
       Scroll            |       |     7 |       ||     7
 Stab: Sleeping          |     1 |       |       ||     1
  Eat: Chunk             |     2 |     6 |     1 ||     9
